 Dungeon Crawl Stone Soup version 0.31-a0-369-g8eba5f6939 (webtiles) character file.

Game seed: 2574275625145598000

6 CraigForest the Shield-Bearer (level 1, -2/22 HPs)
             Began as a Troll Fighter on July 28, 2023.
             Slain by Sigmund
             ... wielding a +0 scythe
              (10 damage)
             ... on level 2 of the Dungeon.
             The game lasted 00:03:18 (419 turns).

CraigForest the Shield-Bearer (Troll Fighter)        Turns: 419, Time: 00:03:18

Health: -2/22      AC:  4    Str: 23    XL:     1   Next: 75%
Magic:  0/0        EV:  9    Int:  4    God:
Gold:   0          SH:  9    Dex: 15    Spells: 0/0 levels left

rFire   . .          .
                       - Unarmed
rCold   . . .        b - +0 kite shield
rNeg    . . .        a - +0 robe
rPois   .            (helmet restricted)
rElec   .            (no cloak)
rCorr   .            (gloves unavailable)
SInv    .            (boots unavailable)
Will    .....        (no amulet)
Stlth   +            e - +6 ring of dexterity
HPRegen 1.03/turn    (no ring)
MPRegen 0.07/turn

%: no passive effects
@: no status effects
A: large, unfitting armour, claws 3, regeneration 1, shaggy fur 1, tough skin 1
a: no special abilities


You were on level 2 of the Dungeon.
You visited 1 branch of the dungeon, and saw 2 of its levels.

Inventory:

Hand Weapons
 i - a +0 whip
 j - a +0 dagger of venom
Missiles
 f - 5 boomerangs (quivered)
 h - 5 curare-tipped darts
Armour
 a - a +0 robe (worn)
 b - a +0 kite shield (worn)
Jewellery
 e - a +6 ring of dexterity (left claw)
Scrolls
 d - a scroll of amnesia
Potions
 c - 2 potions of might
 g - a potion of ambrosia {unknown}


   Skills:
 + Level 2.4 Fighting
 + Level 2.5 Dodging
 + Level 2.9 Shields
 + Level 2.0 Unarmed Combat


You couldn't memorise any spells.
You didn't know any spells.
Your spell library was empty.

Dungeon Overview and Level Annotations

Branches:
Dungeon (2/15)

Altars:

Annotations:
D:2 Sigmund


Innate Abilities, Weirdness & Mutations

You are too large for most types of armour.
You have claws for hands.
Your natural rate of healing is unusually fast.
You are covered in fur. (AC +1)
You have tough skin. (AC +1)


Message History

i - a +0 whip
There is a stone staircase leading down here.
You climb downwards.
Found 9 gold pieces.
There is a stone staircase leading up here.
Sigmund the Dreaded comes into view.
He is wielding a +0 scythe and wearing a +2 robe of willpower.
Throw: 5 boomerangs
Press: ? - help, Q - select action, (/) - cycle Shift-Dir - straight line, f - Sigmund
Aim: Sigmund, wielding a +0 scythe and wearing a +2 robe of willpower (asleep, 98% to hit)
You throw a boomerang. The boomerang hits Sigmund.
Sigmund shouts!
Sigmund is lightly wounded.
Throw: 5 boomerangs
Press: ? - help, Q - select action, (/) - cycle Shift-Dir - straight line, f/p - Sigmund
Aim: Sigmund, wielding a +0 scythe and wearing a +2 robe of willpower (lightly wounded, 52% to hit)
You throw a boomerang. The boomerang hits Sigmund.
Sigmund is moderately wounded.
Sigmund gestures at you while chanting. The puff of flame hits you!
You scratch Sigmund.
Sigmund is heavily wounded.
Sigmund gestures at you while chanting.
You are confused.
You bump into the rock wall.
Sigmund gestures at you while chanting. The magic dart hits you!
You bump into the rock wall.
Sigmund closely misses you.
You're too confused to move!
Sigmund hits you but does no damage.
You're too confused to move!
You're too confused to move!
Sigmund barely misses you.
You feel less confused.
Sigmund points at you and mumbles some strange words.
The magic dart hits you!
* * * LOW HITPOINT WARNING * * *
There is a stone staircase leading up, spattered with blood here.
You block Sigmund's attack.
You closely miss Sigmund.
Sigmund is heavily wounded.
Sigmund hits you with a +0 scythe!
You die...

^# ...
#.# ..
## ..##
..#. ...
.#.##..
.....
#.#@# #
#.#@##.#
#$..<..#
###.####
#.# #.#
#.# #..
###


You could see Sigmund.

Vanquished Creatures
  A bat (D:1)
  2 goblins (D:1)
  A kobold (D:1)
  A frilled lizard (D:1)
5 creatures vanquished.

Notes
Turn   | Place    | Note
-------+----------+-------------------------------------------
     0 | D:1      | CraigForest the Troll Fighter began the quest for the Orb.
     0 | D:1      | Reached XP level 1. HP: 22/22 MP: 0/0
   407 | D:2      | Noticed Sigmund
   419 | D:2      | Slain by Sigmund

Illustrated notes

Levels and vault maps discovered:
D:1:      erik_arrival_blinker_ship, layout_basic
D:2:      layout_loops_cross, basic_altar, ebering_ecumenical_altar_webs,
          wad_floor_pattern_1, uniq_sigmund, uniq_jessica

Action                     || total
---------------------------++-------
  Melee: Unarmed           ||     8
  Throw: Boomerang         ||    12
    Use: Scroll            ||     4
 Armour: Robe              ||     1
  Dodge: Dodged            ||     6
  Block: Kite shield       ||     4

Table legend: (Time is in decaauts)
 A = Elapsed time spent in this place.
 B = Non-inter-level travel time spent in this place.
 C = Inter-level travel time spent in this place.
 D = Time resting spent in this place.
 E = Time spent auto-exploring this place.
 F = Levels seen in this place.
 G = Mean time per level.
                   A        B        C        D        E       F      G
               +--------+--------+--------+--------+--------+-----+--------+
         Total |    424 |    319 |    105 |      0 |    249 |   2 |  212.0 |
       Dungeon |    424 |    319 |    105 |      0 |    249 |   2 |  212.0 |
               +--------+--------+--------+--------+--------+-----+--------+

Top non-repeatable levels by time:
     D:1: 409 daAuts
     D:2: 14 daAuts
